 Dungeon Crawl Stone Soup version 0.21-a0-274-gc1afaeb (webtiles) character file.

50 zero the Chopper (level 3, -3/31 HPs)
             Began as a Minotaur Berserker on Sept 19, 2017.
             Was a Follower of Trog.
             Slain by an adder (4 damage)
             ... on level 2 of the Dungeon.
             The game lasted 00:01:33 (1369 turns).

zero the Chopper (Minotaur Berserker)               Turns: 1369, Time: 00:01:33

Health: -3/31      AC:  4    Str: 22    XL:     3   Next: 55%
Magic:  2/2        EV: 12    Int:  4    God:    Trog [*.....]
Gold:   36         SH:  0    Dex:  9    Spells: 2/2 levels left

rFire    . . .     SeeInvis .   a - +0 hand axe
rCold    . . .     Gourm    .   (no shield)
rNeg     . . .     Faith    .   b - +0 animal skin
rPois    .         Spirit   .   (helmet restricted)
rElec    .         Reflect  .   (no cloak)
rCorr    .         Harm     .   (no gloves)
MR       .....                  (no boots)
Stlth    +.........             (no amulet)
HPRegen  0.10/turn              (no ring)
MPRegen  0.08/turn              (no ring)

@: lethally poisoned (-3 -> -10), berserk cooldown, slowed, very slow
A: retaliatory headbutt, horns 2, molten scales 1
a: Berserk, Burn Spellbooks, Renounce Religion


You were on level 2 of the Dungeon.
You worshipped Trog.
Trog was aware of your devotion.
You were not hungry.

You visited 1 branch of the dungeon, and saw 2 of its levels.

You collected 36 gold pieces.

Inventory:

Hand Weapons
 a - a +0 hand axe (weapon)
Armour
 b - a +0 animal skin (worn)
 d - a +2 pair of boots
Jewellery
 j - an uncursed amulet of faith {unknown}
 k - an uncursed ring of wizardry {unknown}
Scrolls
 e - 2 scrolls of remove curse {unknown}
 g - a scroll of identify {unknown}
 h - a scroll of enchant armour {unknown}
 m - 2 scrolls of recharging {unknown}
Potions
 l - a potion of flight {unknown}
 n - a potion of invisibility {unknown}
 o - a potion of curing {unknown}
Comestibles
 c - 2 bread rations
 f - a chunk of flesh
 p - 4 fruits


   Skills:
 - Level 3.6 Fighting
 + Level 5.5 Axes
 - Level 2.4 Armour
 - Level 2.1 Dodging


You had 2 spell levels left.
You didn't know any spells.

Dungeon Overview and Level Annotations

Branches:
Dungeon (2/15)

Altars:


Innate Abilities, Weirdness & Mutations

You reflexively headbutt those who attack you in melee.
You have a pair of horns on your head.
You are partially covered in molten scales. (AC +2)


Message History

The adder hisses angrily. x2
You barely miss the adder.
* * * LOW HITPOINT WARNING * * *
You feel sick. The adder bites you.
* * * LOW HITPOINT WARNING * * *
The adder bites you.
* * * LOW HITPOINT WARNING * * *
You slash the adder!
The adder is almost dead.
* * * LOW HITPOINT WARNING * * *
You feel sick. The adder barely misses you.
The adder bites you but does no damage.
A jackal comes into view.
It was a potion of mutation.
You feel extremely strange.
You feel clumsy.
Molten scales grow over part of your body.
You feel agile.
* * * LOW HITPOINT WARNING * * *
You feel sick. The adder barely misses you. The adder bites you.
You die...

##...##.####.####
#.#.#............
#....##.###..####
....##.## ##.## ##
#.#.#.## ##.# ..
#.#.#.# #.# #.
#.#.#.## ##.#
##..##.#.##.##
##.##
#..SS@.......###..#
#...##.####.#.<..##
..... #h#
#.####)##### ###.
#.# #.# #รท..... #
#.# #.# ####### ..h
... ##. #.# . ..#
.#


You could see 2 adders and 2 jackals.

Vanquished Creatures
  2 adders (D:2)
  An ooze (D:1)
  A dart slug (D:2)
  A leopard gecko (D:1)
  A ball python (D:2)
  4 giant cockroaches (D:1)
  2 goblins (D:1)
  2 hobgoblins
  4 bats (D:1)
  2 kobolds (D:1)
  5 rats (D:1)
25 creatures vanquished.

Notes
Turn   | Place    | Note
-------+----------+-------------------------------------------
     0 | D:1      | zero the Minotaur Berserker began the quest for the Orb.
     0 | D:1      | Reached XP level 1. HP: 19/19 MP: 0/0
   309 | D:1      | Reached skill level 4 in Axes
   611 | D:1      | Reached XP level 2. HP: 26/26 MP: 1/1
   941 | D:1      | Reached skill level 5 in Axes
  1183 | D:2      | Reached XP level 3. HP: 17/31 MP: 2/2
  1369 | D:2      | Gained mutation: You are clumsy. (Dex -2) [potion of mutation]
  1369 | D:2      | Gained mutation: You are partially covered in molten scales. (AC +2) [potion of mutation]
  1369 | D:2      | Lost mutation: You are clumsy. (Dex -2) [potion of mutation]
  1369 | D:2      | HP: 1/31 [poisoned by an adder]
  1369 | D:2      | Slain by an adder

Vault maps used:
D:1:      elethiomel_arrival_quiet, st_stairs_3, minmay_misc_feat_secret_circle
D:2:      uniq_robin

Skill      XL: |  1  2 |
---------------+-------+-----
Axes           | 4 5 |  5.5
Fighting       | |  3.6
Armour         | |  2.4
Dodging        | |  2.1

Action                   || total
-------------------------++-------
Melee: Hand axe          ||    62
       Headbutt          ||     8
Invok: Berserk           ||     2
  Use: Potion            ||     1
  Eat: Chunk             ||     3
Armor: Animal skin       ||     7
Dodge: Dodged            ||    45

Table legend:
 A = Spawn XP
 B = Non-spawn XP
 C = Spawn XP percentage of total XP
 D = Spawn monster count
 E = Non-spawn monster count
 F = Spawn count percentage of total count
 G = Total turns spent on level
                    A         B        C        D         E        F      G
               +---------+---------+-------+---------+---------+-------+---------
         Total |       0 |      72 |   0.0 |       0 |      25 |   0.0 |  1369
               +---------+---------+-------+---------+---------+-------+---------
           D:1 |       0 |      37 |   0.0 |       0 |      20 |   0.0 |  1175
           D:2 |       0 |      35 |   0.0 |       0 |       5 |   0.0 |   194
               +---------+---------+-------+---------+---------+-------+---------
